 Dungeon Crawl Stone Soup version 0.27.1-1-g398f81649c (webtiles) character file.

Game seed: 12602934522176576663

15397 Tsarbomb the Cleaver (level 12, -1/111 HPs)
             Began as a Hill Orc Monk on Sept 12, 2021.
             Was the Champion of Nemelex Xobeh.
             Killed by divine providence
             ... invoked by an orc priest
              (12 damage)
             ... on level 2 of the Orcish Mines.
             The game lasted 00:48:05 (16666 turns).

Tsarbomb the Cleaver (Hill Orc Monk)               Turns: 16666, Time: 00:48:06

Health: -1/111     AC: 20    Str: 25    XL:     12   Next: 26%
Magic:  20/20      EV:  8    Int: 10    God:    Nemelex Xobeh [******]
Gold:   984        SH:  4    Dex: 15    Spells: 11/11 levels left

rFire    . . .     SeeInvis .   e - +0 war axe
rCold    . . .     Faith    .   w - +0 buckler
rNeg     . . .     Spirit   .   h - +0 plate armour
rPois    .         Reflect  .   (no helmet)
rElec    .         Harm     .   (no cloak)
rCorr    .         Rampage  .   d - +0 pair of gloves
Will     .....                  (no boots)
Stlth    ..........             (no amulet)
HPRegen  0.28/turn              u - +6 ring of strength
MPRegen  0.17/turn              v - +4 ring of protection

@: no status effects
A: agile 1, MP-powered wands
a: Renounce Religion, Convert to Beogh, Draw Escape, Draw Destruction, Draw
Summoning, Triple Draw, Deal Four, Stack Five


You were on level 2 of the Orcish Mines.
You worshipped Nemelex Xobeh.
Nemelex Xobeh was exalted by your worship.
You visited 2 branches of the dungeon, and saw 15 of its levels.

You collected 984 gold pieces.

Inventory:

Hand Weapons
 a - a +0 hand axe
 e - a +0 war axe (weapon)
 B - a +1 whip of freezing
Armour
 d - a +0 pair of gloves (worn)
 h - a +0 plate armour (worn)
 p - a +0 chain mail
 w - a +0 buckler (worn)
Jewellery
 c - a ring of ice
 g - a ring of magical power
 u - a +6 ring of strength (left hand)
 v - a +4 ring of protection (right hand)
 y - a ring of see invisible
 I - a +6 ring of intelligence
Wands
 o - a wand of iceblast (5)
 q - a wand of flame (20)
 D - a wand of paralysis (7)
 N - a wand of polymorph (13)
Scrolls
 f - 2 scrolls of fear
 i - 2 scrolls of acquirement
 j - 2 scrolls of vulnerability {unknown}
 k - 6 scrolls of amnesia
 m - 2 scrolls of teleportation
 n - 3 scrolls of enchant weapon {unknown}
 t - a scroll of magic mapping {unknown}
 z - 2 scrolls of holy word {unknown}
 F - 4 scrolls of identify
 G - a scroll of brand weapon {unknown}
 K - a scroll of fog {unknown}
 L - a scroll of immolation {unknown}
Potions
 b - a potion of lignification
 l - a potion of haste {unknown}
 r - 2 potions of degeneration {unknown}
 s - 2 potions of curing
 x - a potion of flight {unknown}
 A - 2 potions of might
 C - 2 potions of mutation
 H - a potion of resistance {unknown}
 J - 2 potions of berserk rage {unknown}
 M - a potion of attraction {unknown}
Miscellaneous
 E - a tin of tremorstones (2/2)


   Skills:
 + Level 11.6 Fighting
 + Level 13.3 Axes
 + Level 11.6 Armour
 - Level 2.4 Dodging
 - Level 1.5 Stealth
 - Level 2.0 Shields
 * Level 11.1 Invocations


You had 11 spell levels left.
You didn't know any spells.
Your spell library contained the following spells:

 Spells                   Type           Power      Damage    Failure   Level
 Sandblast                Erth           0%         2d4       99%         1
 Summon Small Mammal      Summ           0%         N/A       99%         1
 Passwall                 Tmut/Erth      0%         N/A       100%        2
 Sublimation of Blood     Necr           0%         N/A       100%        2
 Wereblood                Tmut           0%         N/A       100%        2
 Call Canine Familiar     Summ           0%         N/A       100%        3
 Conjure Flame            Conj/Fire      0%         6-21      100%        3
 Ignite Poison            Fire/Tmut/Pois 0%         N/A       100%        3
 Summon Guardian Golem    Hex/Summ       0%         N/A       100%        3
 Animate Armour           Summ/Erth      0%         N/A       100%        4
 Sticky Flame             Conj/Fire      0%         2d3       100%        4
 Blade Hands              Tmut           0%         N/A       100%        5
 Lee's Rapid Deconstruct  Erth           0%         3d5*      100%        5
 Iron Shot                Conj/Erth      0%         9d1       100%        6
 Summon Hydra             Summ           0%         N/A       100%        7


Dungeon Overview and Level Annotations

Branches:
Dungeon (13/15)            Temple (0/1) D:5            Lair (0/6) D:9
    Orc (2/2) D:10
    Elf: Orc:2       Vaults: D:13-14

Altars:
Dithmenos
Gozag
Kikubaaqudgha
Makhleb
Nemelex Xobeh
Ru
Xom
Yredelemnul
Beogh

Shops:
D:9 (   Orc:2 **

Annotations:
D:3 exclusion: downstairs
D:5 exclusion: downstairs
D:6 exclusions: killer bee, upstairs and 1 more exclusion, Menkaure, Sigmund
D:7 exclusion: downstairs
D:8 1 exclusion
D:9 2 transporters, 3 runed translucent doors, AttackTheMoon's ghost, novice TrHu
D:12 exclusions: 2 doors and 1 more exclusion
D:13 Jorgrun
Abyss:1 Nessos; Pikel


Innate Abilities, Weirdness & Mutations

You are agile. (Dex +2)
You expend magic power (3 MP) to strengthen your wands.


Message History

The orc priest mumbles some strange prayers to Beogh against you.
Pain shoots through your body!
Nessos moves out of view.
Nessos blinks!
The orc priest mumbles some strange prayers to Beogh against you.
Pain shoots through your body!
Nessos mumbles some strange words.
Nessos seems to speed up.
Nessos closely misses you. Nessos kicks you but does no damage.
Nessos wields a +2 longbow of flaming.
It bursts into flame!
Nessos shoots an arrow.
The arrow barely misses you.
Nessos shoots an arrow.
The arrow hits you! The arrow burns you.
You are poisoned.
You see here a warg skeleton.
You feel very sick.
Nessos shoots an arrow.
The arrow completely misses you.
Nessos blinks!
You feel very sick.
Nessos shoots an arrow.
The arrow barely misses you.
Nessos stands on their hind legs for a moment.
Nessos blinks!
The orc priest mumbles some strange prayers to Beogh against you.
Pain shoots through your body!
* * * LOW HITPOINT WARNING * * *
You draw a card...
You have drawn Exile.
Nessos is devoured by a tear in reality.
You feel very sick.
Unknown command.
You feel very sick.
You feel sick.
You feel sick.
You feel sick.
You feel sick.
You feel sick.
You feel sick.
You feel sick.
You feel sick.
You are no longer poisoned.
The orc priest invokes the aid of Beogh against you.
Beogh smites you!
You die...
Your body glows with a rainbow of weird colours and disappears.

##.......ยง# ..
#.........##### ..
##....##.......# .
####...o####.^..### .
#.......######....#
####......##.....##
#......##......# ###
##.....#....#### ##.##
##...@....#.# #...#
####....#### ##..###
###...### ##...#..
#.......## #.......
###<)....).####.O.....
###..<[.......#.....#...
#......###....#.....##..
##.....#.###........##...
#......### ##.......###..


You could see an orc priest.

Vanquished Creatures
  Josephine (D:11)
  A lindwurm (Orc:2)
  A mana viper (Orc:2)
  An orc sorcerer (Orc:1)
  Maurice (Orc:2)
  2 trolls (Orc:1)
  A hornet (D:9)
  2 vampires
  A wyvern (D:7)
  6 wraiths
  11 yaks
  2 steam dragons
  4 vampire mosquitoes (D:11)
  2 wargs (Orc:2)
  An acid dragon (D:11)
  15 orc warriors
  3 ice beasts
  5 ogres
  11 centaurs
  A lemure (D:7)
  4 bullfrogs
  3 scorpions (D:9)
  14 killer bees
  A wyvern skeleton (D:7)
  5 wights (D:7)
  7 howler monkeys
  A jelly (D:6)
  3 centaur skeletons
  2 hounds (D:5)
  A gnoll shaman (D:8)
  11 orc priests
  Terence (D:3)
  13 orc wizards
  A killer bee zombie (D:6)
  A hound zombie (D:5)
  2 hound skeletons
  A howler monkey zombie (D:9)
  6 gnolls
  4 adders
  A shadow imp (D:8)
  A white imp (D:5)
  A worm (D:2)
  50 orcs
  5 bats
  5 endoplasms
  3 giant cockroaches
  3 goblins
  6 hobgoblins
  4 quokkas
  5 ball pythons
  2 frilled lizards
  5 kobolds
  6 rats
250 creatures vanquished.

Vanquished Creatures (collateral kills)
  A boulder beetle (D:11)
  A two-headed ogre (D:10)
  An orc knight (D:10)
  A troll (D:11)
  Grinder (D:5)
  A chaos spawn (D:7)
  4 orc warriors (D:10)
  A gnoll sergeant (D:6)
  A killer bee (D:10)
  A jelly (D:5)
  An orc priest (D:10)
  A bullfrog skeleton (D:5)
  A centaur skeleton (D:5)
  Jessica (D:3)
  A gnoll (D:6)
  7 orcs
25 creatures vanquished.

Vanquished Creatures (others)
  6 fungi (D:9)
  17 plants (D:9)
23 creatures vanquished.

Grand Total: 298 creatures vanquished

Notes
Turn   | Place    | Note
-------+----------+-------------------------------------------
     0 | D:1      | Tsarbomb the Hill Orc Monk began the quest for the Orb.
     0 | D:1      | Reached XP level 1. HP: 19/19 MP: 1/1
   195 | D:1      | Reached XP level 2. HP: 26/26 MP: 2/2
   564 | D:1      | Reached skill level 5 in Axes
   686 | D:1      | You fall into a shaft and drop 1 floor!
   756 | D:2      | Reached XP level 3. HP: 31/31 MP: 3/3
  1128 | D:2      | Reached skill level 6 in Axes
  1150 | D:2      | Found a sparkling altar of Nemelex Xobeh.
  1165 | D:2      | Became a worshipper of Nemelex Xobeh the Trickster
  1165 | D:2      | Reached * piety under Nemelex Xobeh
  1165 | D:2      | Received a gift from Nemelex Xobeh
  1165 | D:2      | Reached ** piety under Nemelex Xobeh
  1308 | D:2      | Received a gift from Nemelex Xobeh
  1337 | D:2      | Reached XP level 4. HP: 25/39 MP: 4/4
  1677 | D:3      | Found a sacrificial altar of Ru.
  1782 | D:3      | Noticed Jessica
  1791 | D:3      | Killed Jessica
  1792 | D:3      | Reached skill level 1 in Invocations
  2211 | D:3      | Noticed Terence
  2218 | D:3      | Killed Terence
  2219 | D:3      | Reached skill level 7 in Axes
  2219 | D:3      | Reached XP level 5. HP: 42/45 MP: 4/6
  2516 | D:3      | Reached *** piety under Nemelex Xobeh
  3004 | D:4      | Noticed a phantom
  3123 | D:4      | Received a gift from Nemelex Xobeh
  3151 | D:5      | Entered Level 5 of the Dungeon
  3256 | D:5      | Noticed Grinder
  3258 | D:5      | Noticed a rust devil
  3259 | D:5      | Paralysed by Grinder for 6 turns
  3263 | D:5      | Killed Grinder
  3264 | D:5      | Reached skill level 8 in Axes
  3264 | D:5      | Reached XP level 6. HP: 42/51 MP: 6/8
  3457 | D:5      | Found a sparkling altar of Nemelex Xobeh.
  3458 | D:5      | Found an opulent altar of Gozag.
  3690 | D:5      | Found a staircase to the Ecumenical Temple.
  3748 | D:5      | Reached skill level 9 in Axes
  3891 | D:5      | Noticed an ice beast
  3892 | D:5      | Killed an ice beast
  3893 | D:5      | Reached XP level 7. HP: 57/57 MP: 9/9
  3906 | D:5      | Received a gift from Nemelex Xobeh
  4242 | D:6      | Reached skill level 10 in Axes
  4542 | D:6      | Reached **** piety under Nemelex Xobeh
  4821 | D:6      | Noticed Menkaure
  5152 | D:7      | Identified a scroll of acquirement
  5189 | D:7      | Reached skill level 11 in Axes
  5189 | D:7      | Reached skill level 1 in Shields
  5189 | D:7      | Reached XP level 8. HP: 53/64 MP: 11/11
  5396 | D:7      | Reached skill level 1 in Armour
  6101 | D:7      | Reached skill level 12 in Axes
  6101 | D:7      | Reached skill level 5 in Invocations
  6198 | D:7      | Found a burning altar of Makhleb.
  6222 | D:7      | Received a gift from Nemelex Xobeh
  6233 | D:7      | Noticed Pikel
  6237 | D:7      | Noticed Pikel
  6237 | D:7      | Pikel changed into Pikel the fire bat
  6238 | D:7      | Found a shadowy altar of Dithmenos.
  6243 | D:7      | Banished Pikel the fire bat
  6278 | D:6      | Noticed Sigmund
  6321 | D:7      | Reached XP level 9. HP: 31/73 MP: 13/13
  6615 | D:7      | Reached skill level 5 in Fighting
  7581 | D:8      | Reached skill level 5 in Armour
  7986 | D:8      | Received a gift from Nemelex Xobeh
  8741 | D:9      | Noticed AttackTheMoon's ghost (novice TrHu)
  8742 | D:9      | Noticed a rime drake
  8769 | D:9      | Killed a hornet
  8801 | D:9      | Reached XP level 10. HP: 52/86 MP: 15/15
  9046 | D:9      | Found a staircase to the Lair.
  9193 | D:9      | Reached ***** piety under Nemelex Xobeh
  9203 | D:9      | Found Ruer's Antique Weapon Emporium.
  9233 | D:9      | Found a transporter.
  9236 | D:9      | Found an ancient bone altar of Kikubaaqudgha.
  9237 | D:9      | Received a gift from Nemelex Xobeh
  9238 | D:9      | Noticed a flayed ghost
  9245 | D:9      | Found a basalt altar of Yredelemnul.
  9307 | D:9      | Found a runed translucent gate.
  9307 | D:9      | Found a runed translucent gate.
  9307 | D:9      | Found a runed translucent gate.
  9585 | D:9      | Noticed a death knight
  9590 | D:9      | Found a transporter.
  9809 | D:10     | Entered Level 10 of the Dungeon
  9850 | D:10     | Noticed a two-headed ogre
  9867 | D:10     | Killed a two-headed ogre
 10563 | D:10     | Found a shimmering altar of Xom.
 10564 | D:10     | Received a gift from Nemelex Xobeh
 10844 | D:10     | Gained mutation: You expend magic power (3 MP) to
                  | strengthen your wands. [potion of mutation]
 10844 | D:10     | Gained mutation: You are agile. (Dex +2) [potion of
                  | mutation]
 10847 | D:10     | HP: 6/136 [killer bee (3)]
 10854 | D:10     | HP: 3/136 [killer bee (7)]
 11370 | D:10     | Noticed an orc knight
 11386 | D:10     | Killed an orc knight
 11554 | D:10     | Found a staircase to the Orcish Mines.
 11555 | D:10     | Found a roughly hewn altar of Beogh.
 11676 | D:11     | Reached XP level 11. HP: 99/99 MP: 16/18
 11698 | D:11     | Noticed a boulder beetle
 11713 | D:11     | Killed a boulder beetle
 11714 | D:11     | Reached skill level 10 in Fighting
 11737 | D:11     | Reached skill level 10 in Armour
 12016 | D:11     | Noticed Josephine
 12080 | D:11     | Killed Josephine
 12399 | D:11     | Received a gift from Nemelex Xobeh
 12414 | D:11     | Reached skill level 10 in Invocations
 12891 | D:12     | Received a gift from Nemelex Xobeh
 13264 | D:12     | Received a gift from Nemelex Xobeh
 13507 | D:12     | Noticed a manticore
 13512 | D:12     | Received a gift from Nemelex Xobeh
 13758 | D:12     | Received a gift from Nemelex Xobeh
 13850 | D:12     | Reached ****** piety under Nemelex Xobeh
 14234 | D:13     | Noticed a boulder beetle
 14235 | D:13     | Noticed Jorgrun
 14417 | Orc:1    | Entered Level 1 of the Orcish Mines
 14417 | Orc:1    | Found a burning altar of Makhleb.
 14419 | Orc:1    | Noticed an orc sorcerer
 14421 | Orc:1    | Noticed a sun demon
 14776 | Orc:1    | Killed an orc sorcerer
 15395 | Orc:1    | Received a gift from Nemelex Xobeh
 15567 | Orc:2    | Entered Level 2 of the Orcish Mines
 15909 | Orc:2    | Found Remass's Assorted Antiques.
 15912 | Orc:2    | Found Sumupo's Overcharged Wands.
 16250 | Orc:2    | Noticed Maurice
 16255 | Orc:2    | Killed Maurice
 16256 | Orc:2    | Reached XP level 12. HP: 110/110 MP: 18/20
 16632 | Orc:2    | Reached skill level 13 in Axes
 16644 | Orc:2    | Noticed Nessos
 16657 | Orc:2    | Banished Nessos
 16666 | Orc:2    | Killed from afar by an orc priest

Illustrated notes

Levels and vault maps discovered:
D:1:      erik_arrival_triangle_large, layout_loops_ring,
          kennysheep_small_spiral
D:2:      layout_basic, basic_altar
D:3:      layout_basic, nicolae_ru_sacrificial_ziggurat,
          chequers_serial_rivers_small_3, uniq_jessica, uniq_terence
D:4:      layout_gridville
D:5:      layout_basic, grunt_temple_overflow_opulence,
          minmay_temple_entry_junction, minmay_stone_trees_large, uniq_grinder
D:6:      layout_basic, marbit_many_paths, slow_altar_1,
          mainiacjoe_overflow_boulevard, uniq_blork_the_orc, uniq_sigmund,
          uniq_crazy_yiuf_cottage, uniq_menkaure
D:7:      layout_loops_cross, nicolae_overflow_crystal_walls,
          overflow_temple_1_default, uniq_pikel
D:8:      layout_basic, hangedman_abyss_or_decor_jellyfish_corner,
          hangedman_decor_slide_cut
D:9:      layout_loops_ring, gammafunk_temple_of_torment,
          grunt_lair_entry_orc_guard_hut, gammafunk_ghost_icy, serial_shops,
          nicolae_square_shop
D:10:     layout_loops_ring, lemuel_doored_altar, david_orc_5,
          minmay_misc_feat_four_crosses
D:11:     layout_long_grid, uniq_josephine
D:12:     layout_stronghold, roderic_lattice_a, kb_lookout_dungeons_type
D:13:     layout_cave_pools, erik_vaults_2, worldfamousw_hep_ancestral_shrine,
          uniq_sonja, uniq_jorgrun, uniq_urug
Orc:1:    layout_caves, basic_altar
Orc:2:    st_orc_mages, layout_diamond_mine, serial_shops, shop,
          nicolae_shop_overcharged_wands, uniq_nessos, uniq_maurice

Skill      XL: |  1  2  3  4  5  6  7  8  9 10 11 12 |
---------------+-------------------------------------+-----
Axes           | 5 6 7 8 9 11 12 13 | 13.3
Invocations    | 1 2 3 4 5 7 9 10 11 | 11.1
Shields        | 1 2 |  2.0
Armour         | 3 6 9 11 | 11.6
Fighting       | 4 7 9 11 | 11.6
Dodging        | |  2.4
Stealth        | |  1.5

Action                   |  1- 3 |  4- 6 |  7- 9 | 10-12 || total
-------------------------+-------+-------+-------+-------++-------
Melee: Hand axe          |    99 |   105 |   185 |       ||   389
       Whip              |       |       |    26 |       ||    26
       War axe           |       |       |   110 |   539 ||   649
Invok: Draw Destruction  |       |     5 |    14 |    27 ||    46
       Draw Summoning    |       |     4 |     5 |     6 ||    15
       Draw Escape       |       |     1 |     3 |     5 ||     9
  Use: Scroll            |       |       |     5 |       ||     5
       Potion            |       |       |     3 |     3 ||     6
 Stab: Sleeping          |     8 |     2 |       |       ||    10
       Petrifying        |       |       |       |     1 ||     1
       Distracted        |       |       |       |     1 ||     1
Armor: Robe              |     4 |     7 |       |       ||    11
       Leather armour    |    28 |     5 |       |       ||    33
       Chain mail        |       |    47 |   112 |       ||   159
       Plate armour      |       |       |    74 |   379 ||   453
       Skin              |       |       |       |    10 ||    10
Dodge: Dodged            |    72 |    42 |   122 |   236 ||   472
Block: Buckler           |       |       |    40 |   116 ||   156
